 Dungeon Crawl Stone Soup version 0.29.1-2-gbd0b4ee654 (webtiles) character file.

Game seed: 4515517596093259049

289 qeuew the Slasher (level 6, 0/46 HPs)
             Began as a Demonspawn Gladiator on Nov 2, 2022.
             Succumbed to a water moccasin's poison
             ... on level 4 of the Dungeon.
             The game lasted 00:04:37 (4547 turns).

qeuew the Slasher (Demonspawn Gladiator)            Turns: 4547, Time: 00:04:38

Health: 0/46       AC:  7    Str: 14    XL:     6   Next: 9%
Magic:  6/6        EV: 12    Int: 10    God:
Gold:   269        SH:  5    Dex: 16    Spells: 5/5 levels left

rFire   + . .      SeeInvis .   a - +0 long sword
rCold   + . .      Faith    .   (no shield)
rNeg    . . .      Spirit   .   o - +0 ring mail
rPois   +          Reflect  +   c - +0 helmet
rElec   +          Harm     .   (no cloak)
rCorr   +          Rampage  .   b - +0 pair of gloves
Will    .....                   (no boots)
Stlth   +.........              h - amulet of reflection
HPRegen 0.15/turn               (no ring)
MPRegen 0.10/turn               (no ring)

@: lethally poisoned (0 -> -2), resistant
A: hooves 1, demonic guardian 1
a: no special abilities


You were on level 4 of the Dungeon.
You visited 1 branch of the dungeon, and saw 4 of its levels.

You collected 269 gold pieces.

Inventory:

Hand Weapons
 a - a +0 long sword (weapon)
Missiles
 e - 4 javelins (quivered)
Armour
 b - a +0 pair of gloves (worn)
 c - a +0 helmet (worn)
 o - a +0 ring mail (worn)
Jewellery
 h - an amulet of reflection (around neck)
Wands
 i - a wand of roots (8)
 n - a wand of charming (2)
Scrolls
 g - a scroll of fog
 k - a scroll of amnesia
 l - 2 scrolls of teleportation
 m - a scroll of fear {unknown}


   Skills:
 + Level 2.6 Fighting
 + Level 4.2 Long Blades
 + Level 1.9 Throwing
 * Level 3.1 Armour
 + Level 3.5 Dodging
 + Level 0.5 Shields


You had 5 spell levels left.
You didn't know any spells.
Your spell library contained the following spells:

 Spells                   Type           Power      Damage    Failure   Level
 Apportation              Tloc           0%         N/A       58%         1
 Ozocubu's Armour         Ice            0%         N/A       92%         3
 Alistair's Intoxication  Tmut/Pois      0%         N/A       100%        5
 Ozocubu's Refrigeration  Ice            0%         4d7       100%        7


Dungeon Overview and Level Annotations

Branches:
Dungeon (4/15)
 Temple: D:4-7

Altars:
Cheibriados

Annotations:
D:4 3 runed translucent doors, Anandil's ghost, amateur DsHu


Innate Abilities, Weirdness & Mutations

You have large cloven feet.
A weak demonic guardian rushes to your aid.


Message History

You are poisoned.
The water moccasin poisons you!
Your quasit misses the water moccasin.
Your quasit closely misses the water moccasin.
Your quasit claws the water moccasin.
The water moccasin bites you.
Throw: 5 javelins
Press: ? - help, Q - select action, (/) - cycle Shift-Dir - straight line, f/p - water moccasin
Aim: a water moccasin (almost dead, ally target, 42% to hit)
You throw a javelin.
The javelin closely misses the water moccasin.
You feel very sick.
Your quasit barely misses the water moccasin.
Your quasit claws the water moccasin.
Your quasit completely misses the water moccasin.
The water moccasin bites you!
* * * LOW HITPOINT WARNING * * *
Your quasit bites the water moccasin but does no damage.
Your quasit claws the water moccasin but does no damage.
Your quasit barely misses the water moccasin.
The water moccasin completely misses your quasit.
You catch the helpless water moccasin completely off-guard!
You hit the water moccasin.
You kill the water moccasin!
* * * LOW HITPOINT WARNING * * *
You feel sick.
Your Long Blades skill increases to level 4!
Your Armour skill increases to level 3!
You have reached level 6!
* * * LOW HITPOINT WARNING * * *
You feel sick.
* * * LOW HITPOINT WARNING * * *
You feel sick.
You see here 9 gold pieces.
It was a potion of resistance.
You feel protected.
* * * LOW HITPOINT WARNING * * *
You feel sick.
Okay, then.
* * * LOW HITPOINT WARNING * * *
You feel sick.
You die...

.#.##.## .. ..#.... ...
#.#... $!.###.#...
.......... ..?......#
#+############ #
.........####.#...........
#
.........@....+...........
#
.(.....†5####.#...........
# .........#
#..........#### #
########..............# #
#..............# #
#.(...<........#### #
#...........)...... #
####........######. #
#.......##..†..#


You could see a friendly quasit (summoned).

Vanquished Creatures
  A water moccasin (D:4)
  2 iguanas
  5 adders
  2 worms
  A dart slug (D:4)
  An orc (D:3)
  5 ball pythons
  8 endoplasms
  5 giant cockroaches
  6 hobgoblins
  3 jackals (D:1)
  7 kobolds
  5 quokkas
  A bat (D:2)
  8 frilled lizards
  10 goblins
  7 rats
77 creatures vanquished.

Notes
Turn   | Place    | Note
-------+----------+-------------------------------------------
     0 | D:1      | qeuew the Demonspawn Gladiator began the quest for the Orb.
     0 | D:1      | Reached XP level 1. HP: 16/16 MP: 1/1
    99 | D:1      | Gained mutation: You have large cloven feet. [demonic
                  | ancestry]
    99 | D:1      | Reached XP level 2. HP: 12/22 MP: 2/2
  1185 | D:1      | Reached skill level 3 in Long Blades
  1239 | D:1      | Reached skill level 1 in Armour
  1473 | D:2      | Found a snail-covered altar of Cheibriados.
  1598 | D:2      | Reached XP level 3. HP: 18/27 MP: 3/3
  2802 | D:3      | Reached XP level 4. HP: 25/33 MP: 4/4
  2889 | D:3      | Found a faded altar of an unknown god.
  3992 | D:4      | Found a runed translucent gate.
  3993 | D:4      | Found a runed translucent gate.
  3994 | D:4      | Found a runed translucent gate.
  3996 | D:4      | Noticed Anandil's ghost (amateur DsHu)
  4084 | D:4      | Gained mutation: A weak demonic guardian rushes to your
                  | aid. [demonic ancestry]
  4084 | D:4      | Reached XP level 5. HP: 16/38 MP: 5/5
  4499 | D:4      | Identified the +2 robe "Dumirch" {rC+ rCorr Int+2}
  4526 | D:4      | Noticed a water moccasin
  4542 | D:4      | Killed a water moccasin
  4543 | D:4      | Reached skill level 4 in Long Blades
  4543 | D:4      | Reached XP level 6. HP: 5/46 MP: 6/6
  4544 | D:4      | HP: 2/46 [poisoned by a water moccasin]
  4547 | D:4      | Succumbed to a water moccasin's poison

Illustrated notes

Levels and vault maps discovered:
D:1:      ncdulo_halloftheorcs, layout_basic, serial_rivers,
          chequers_serial_rivers_room_a, chequers_serial_rivers_room_a,
          chequers_serial_rivers_large_b, chequers_serial_rivers_micro_e,
          chequers_serial_rivers_marsh, chequers_serial_rivers_small_b,
          nicolae_hexahallways, minmay_misc_feat_doors,
          nicolae_concentric_dashed_squares_wild
D:2:      kennysheep_big_flooded_room, layout_basic, basic_altar,
          minmay_tetromino_i4
D:3:      layout_basic, chequers_ecumenical_altar_simple_redux,
          kennysheep_generic_room_7
D:4:      layout_basic, minmay_temple_entry_grid, ebering_ghost_rock_garden,
          minmay_cut_off

Skill      XL: |  1  2  3  4  5 |
---------------+----------------+-----
Dodging        | 3 |  3.5
Long Blades    | 3 4 |  4.2
Armour         | 1 2 3 |  3.1
Fighting       | |  2.6
Throwing       | |  1.9
Shields        | |  0.5

Action                   |  1- 3 |  4- 6 || total
-------------------------+-------+-------++-------
Melee: Long sword        |   119 |    93 ||   212
       Kick              |    27 |    20 ||    47
       Punch             |     1 |       ||     1
Throw: Throwing net      |       |     3 ||     3
       Javelin           |       |     1 ||     1
  Use: Scroll            |     1 |     5 ||     6
       Potion            |     1 |     3 ||     4
 Stab: Sleeping          |     1 |     1 ||     2
       Distracted        |       |     2 ||     2
Armor: Leather armour    |    46 |     3 ||    49
       Ring mail         |       |    27 ||    27
Dodge: Dodged            |    77 |    60 ||   137
Block: Other             |    21 |    21 ||    42
